Map: [TLMC22] Sanctuary III

Players

Adp - Winner!

  • Race: Terran Terran

A.I. 1 (Elite)

  • Race: Terran Terran

VOD

Have the link to the VOD?

Description

Time

  • Played on: May 18, 2026, 12:54 a.m.
  • Length: 12:40
Show
View Real Time Build Order
Export as new Build Order

Adp Terran - Winner!

Build Orders:  

Get SALT Encoding   

  12  0:00  SCV  
  13  0:12  SCV  
  14  0:19  Supply Depot  
  14  0:25  SCV  
  15  0:41  SCV  
  16  0:46  Barracks  
  16  0:53  SCV  
  17  1:04  Refinery  
  17  1:05  SCV  
  18  1:17  SCV  
  19  1:32  Orbital Command  
  19  1:36  Barracks  
  19  1:37  Marine  
  20  1:58  Barracks Reactor  
  20  2:04  SCV  
  21  2:15  Command Center  
  21  2:16  SCV  
  22  2:25  Barracks Tech Lab  
  22  2:30  Supply Depot  
  22  2:35  SCV  
  23  2:51  Marine x2  
  23  2:54  Marauder  
  23  2:55  Factory  
  23  2:58  SCV  
  28  3:07  Supply Depot  
  28  3:09  Marine x2  
  28  3:10  SCV  
  31  3:20  Concussive Shells  
  31  3:27  SCV, Marauder  
  31  3:28  Bunker  
  31  3:30  Supply Depot  
  34  3:42  Barracks, Factory Tech Lab  
  34  3:45  Marine x2  
  36  3:50  SCV  
  36  3:53  Orbital Command  
  37  3:56  Refinery  
  37  3:58  Marauder  
  37  4:02  SCV, Supply Depot  
  40  4:14  SCV  
  41  4:22  Siege Tank  
  44  4:25  Marine x2  
  44  4:26  Marine  
  47  4:35  Engineering Bay x2  
  47  4:36  Barracks Reactor  
  47  4:40  SCV x2  
  47  4:45  Marine x2  
  49  4:52  SCV x2  
  53  5:01  Marauder  
  53  5:03  Marine x2  
  53  5:04  SCV  
  53  5:05  SCV  
  53  5:06  Refinery  
  59  5:15  Supply Depot  
  59  5:16  Terran Infantry Weapons Level 1, Supply Depot, SCV  
  59  5:20  Terran Infantry Armor Level 1  
  60  5:22  SCV  
  61  5:29  SCV  
  61  5:30  Marine x2  
  61  5:31  Marine x2  
  61  5:34  SCV  
  67  5:41  SCV  
  68  5:43  Siege Tank  
  68  5:47  Marine  
  68  5:48  Marine, Marauder  
  68  5:49  Marine x2  
  77  5:50  SCV  
  77  5:53  SCV  
  79  6:02  SCV  
  80  6:05  SCV  
  80  6:10  Marine x2  
  85  6:11  Marauder  
  85  6:12  Stimpack  
  85  6:25  Supply Depot  
  85  6:26  Supply Depot  
  85  6:37  Marine  
  85  6:38  Armory  
  86  6:46  Marine  
  86  6:47  Siege Tank, Command Center  
  90  6:50  Supply Depot  
  90  6:51  SCV  
  90  6:52  Refinery, SCV  
  92  6:57  Supply Depot  
  92  7:00  Marauder  
  94  7:01  Marine  
  94  7:03  SCV  
  94  7:04  Marine  
  91  7:19  Siege Tank  
  94  7:24  Starport  
  94  7:27  Terran Infantry Weapons Level 2  
  94  7:30  Terran Infantry Armor Level 2  
  94  7:31  Marine x2  
  94  7:32  Marine x2  
  94  7:35  Marauder  
  100  7:49  Marine x3  
  100  7:50  Marine  
  104  7:57  Terran Vehicle Weapons Level 1  
  104  8:01  Supply Depot  
  104  8:03  Siege Tank  
  104  8:05  Supply Depot, Starport Reactor  
  107  8:38  Orbital Command  
  107  8:39  SCV x2  
  109  8:43  Sensor Tower  
  109  8:51  SCV x2  
  109  8:53  Marine x2  
  109  8:54  Marine x2  
  115  8:57  Marauder  
  115  8:59  Thor  
  115  9:00  Medivac x2  
  127  9:06  SCV x2  
  127  9:07  SCV  
  130  9:18  Marauder, SCV  
  130  9:19  SCV x2  
  130  9:23  Missile Turret  
  135  9:27  Marine  
  135  9:28  Marine x3  
  135  9:30  Medivac x2, SCV  
  129  10:04  Thor  
  110  10:37  Marine x5  
  114  10:55  Marine x5  
  119  11:03  SCV  
  119  11:04  SCV x2  
  122  11:11  Medivac  
  122  11:12  Medivac, Marine  
  122  11:15  SCV  
  122  11:16  Marine x4  
  132  11:25  Barracks  
  132  11:27  Barracks  
  132  11:30  Marine  
  133  11:34  Marine x2  
  135  11:40  Sensor Tower  
  135  12:02  Marine x3  
  135  12:03  Marine x2  
  140  12:20  Marine  
Show
View Real Time Build Order
Export as new Build Order

A.I. 1 (Elite) Terran 

Build Orders:  

Get SALT Encoding   

  12  0:00  SCV  
  13  0:13  SCV  
  14  0:19  Supply Depot  
  14  0:25  SCV  
  15  0:29  Refinery  
  15  0:40  SCV  
  16  0:47  Barracks  
  16  0:52  SCV  
  17  1:04  SCV  
  18  1:17  SCV  
  19  1:34  Marine  
  19  1:36  Factory  
  19  1:38  Orbital Command, Supply Depot  
  20  1:50  Barracks  
  20  1:52  Marine  
  21  2:03  SCV  
  22  2:11  Barracks Tech Lab  
  22  2:15  SCV  
  23  2:21  Hellion  
  23  2:22  Supply Depot  
  25  2:30  Marauder  
  25  2:32  Concussive Shells  
  27  2:38  Barracks Tech Lab  
  27  2:43  Hellion  
  29  2:47  SCV  
  30  2:52  Marauder  
  30  2:57  Marauder  
  34  3:01  Supply Depot  
  34  3:04  Hellion  
  36  3:13  Marauder  
  38  3:23  Marauder  
  38  3:25  Supply Depot  
  38  3:26  Hellion  
  42  3:34  Marauder  
  42  3:40  SCV  
  45  3:43  Marine  
  45  3:47  Refinery  
  46  3:51  Supply Depot  
  46  3:55  Marine  
  46  4:02  Marauder  
  49  4:10  SCV  
  49  4:13  Marine  
  51  4:22  SCV  
  51  4:23  Marine  
  53  4:29  Stimpack  
  53  4:30  Engineering Bay  
  53  4:31  Marine  
  53  4:34  SCV  
  55  4:41  Marauder  
  57  4:49  Marine  
  57  4:50  Command Center  
  58  4:58  Terran Infantry Weapons Level 1  
  58  5:02  Marine  
  58  5:03  Supply Depot  
  58  5:06  Marine  
  60  5:20  Marine  
  61  5:23  Engineering Bay  
  61  5:24  Marine  
  61  5:27  Combat Shield  
  62  5:40  Marine, Barracks  
  63  5:44  Marine  
  63  5:48  Terran Infantry Armor Level 1  
  64  5:53  Supply Depot  
  64  5:59  Marauder  
  64  6:02  Marauder, SCV  
  69  6:06  SCV  
  70  6:14  SCV  
  71  6:19  SCV  
  71  6:22  Factory Tech Lab  
  72  6:27  SCV  
  72  6:29  Barracks Reactor  
  72  6:31  SCV  
  74  6:39  SCV  
  75  6:40  Missile Turret  
  75  6:43  SCV, Siege Tank  
  79  6:51  SCV  
  80  6:55  SCV  
  77  7:03  SCV, Refinery  
  77  7:04  Marine x2  
  77  7:05  Marine x2  
  77  7:07  SCV  
  69  7:15  SCV, Siege Tank  
  73  7:19  SCV  
  73  7:22  Marine x3  
  76  7:23  Marine  
  76  7:27  SCV  
  79  7:31  SCV  
  79  7:36  Supply Depot  
  80  7:39  SCV  
  80  7:43  SCV  
  82  7:47  Marine, Siege Tank  
  86  7:51  SCV  
  86  7:56  Orbital Command  
  87  8:01  Supply Depot  
  87  8:06  Marine  
  87  8:08  Armory  
  87  8:10  Missile Turret  
  88  8:17  Barracks, Command Center  
  88  8:19  Siege Tank  
  91  8:26  Starport  
  91  8:39  Marine  
  92  8:41  Marine  
  92  8:48  Supply Depot  
  93  8:52  Siege Tank  
  96  8:56  Terran Infantry Weapons Level 2  
  96  8:58  Marauder  
  96  9:02  Marauder, Starport Reactor  
  100  9:07  Missile Turret  
  100  9:17  Supply Depot  
  100  9:22  Missile Turret  
  100  9:24  Siege Tank, Terran Vehicle Weapons Level 1  
  103  9:29  SCV x3  
  82  9:38  Medivac  
  106  9:41  SCV  
  106  9:43  Armory, SCV  
  106  9:44  SCV  
  78  9:46  Marine  
  78  9:47  Marine  
  78  9:49  Marine  
  78  9:50  Marine  
  78  9:51  Marine  
  68  9:56  Widow Mine  
  68  9:57  SCV  
  68  9:58  SCV  
  73  10:00  SCV  
  73  10:04  Marauder  
  73  10:05  Marine  
  73  10:07  Marine  
  76  10:08  Marine  
  76  10:09  Marine, SCV  
  76  10:12  SCV  
  76  10:13  SCV  
  81  10:22  SCV  
  81  10:23  Marine  
  81  10:24  SCV, Marine  
  81  10:25  SCV  
  81  10:26  Marauder, Marine  
  81  10:27  Marine  
  83  10:34  SCV  
  66  10:36  Siege Tank, SCV  
  66  10:37  SCV  
  66  10:41  Marine  
  66  10:42  Marine  
  58  10:44  Marine  
  58  10:45  Marine  
  58  10:47  Marauder  
  58  10:48  SCV  
  58  10:49  SCV  
  52  10:59  Marine  
  52  11:00  SCV, Marine  
  43  11:08  Hellion, Marauder  
  33  11:17  Marauder  
  26  11:18  Marine  
  26  11:21  Marine  
  26  11:25  Marine, SCV  
  27  11:26  SCV  
  27  11:29  Marine  
  29  11:38  Marauder  
  23  11:51  Marine  
  23  11:54  Marine x3, SCV  
  24  12:00  Marauder  
Tags
 
Add a new tag
Caveats
  • Supply blocks, unpowered buildings, or Contaminate may cause inaccurate times.
  • Supply counts are checked every 10 seconds.